 Dungeon Crawl Stone Soup version 0.26-a0-519-gb2f46ef (webtiles) character file.

Game seed: 5839091102011105775

133 MrTaco21 the Cudgeler (level 5, 0/32 HPs)
             Began as a Gargoyle Fighter on Aug 11, 2020.
             Slain by a jackal (2 damage)
             ... on level 3 of the Dungeon.
             The game lasted 00:02:49 (2196 turns).

MrTaco21 the Cudgeler (Gargoyle Fighter)            Turns: 2196, Time: 00:02:50

Health: 0/32       AC: 13    Str: 20    XL:     5   Next: 16%
Magic:  5/5        EV: 11    Int:  9    God:
Gold:   116        SH:  9    Dex:  9    Spells: 4/4 levels left

rFire    . . .     SeeInvis .   a - +0 flail
rCold    . . .     Faith    .   c - +0 kite shield
rNeg     + . .     Spirit   .   b - +0 scale mail
rPois    ∞         Reflect  .   (no helmet)
rElec    +         Harm     .   k - +1 cloak {rPois}
rCorr    .                      (no gloves)
MR       .....                  (no boots)
Stlth    ..........             (no amulet)
HPRegen  0.10/turn              q - +4 ring of evasion
MPRegen  0.09/turn              (no ring)

@: no status effects
A: negative energy resistance 1, electricity resistance, unbreathing,
petrification resistance, rot immunity, AC +4
a: no special abilities


You were on level 3 of the Dungeon.
You visited 1 branch of the dungeon, and saw 3 of its levels.

You collected 116 gold pieces.

Inventory:

Hand Weapons
 a - a +0 flail (weapon)
Missiles
 l - 13 poisoned darts (quivered)
Armour
 b - a +0 scale mail (worn)
 c - a +0 kite shield (worn)
 k - a +1 cloak of poison resistance (worn)
   (You found it on level 2 of the Dungeon)
Jewellery
 q - a +4 ring of evasion (left hand)
   (You found it on level 3 of the Dungeon)
Scrolls
 f - a scroll of noise {unknown}
 i - 3 scrolls of identify {unknown}
 m - a scroll of fog {unknown}
 n - a scroll of teleportation {unknown}
 r - a scroll of enchant weapon {unknown}
Potions
 d - a potion of might
 e - 2 potions of curing {unknown}
 g - a potion of resistance {unknown}
 h - a potion of magic {unknown}
 j - a potion of cancellation {unknown}
 o - 2 potions of ambrosia {unknown}
 p - a potion of berserk rage {unknown}


   Skills:
 - Level 3.2 Fighting
 + Level 5.2 Maces & Flails
 - Level 3.2 Armour
 - Level 3.2 Shields


You had 4 spell levels left.
You didn't know any spells.
Your spell library was empty.

Dungeon Overview and Level Annotations

Branches:
Dungeon (3/15)

Altars:
Xom
Zin


Innate Abilities, Weirdness & Mutations

You are resistant to torment.
Your stone body is resilient. (AC +4)
You are immune to poison.
You resist negative energy. (rN+)
You are resistant to electric shocks. (rElec)
You can survive without breathing.
You are immune to petrification.
You are immune to rotting.


Message History

You block the jackal's attack.
You closely miss the jackal.
The jackal bites you but does no damage.
You block the jackal's attack.
The jackal bites you but does no damage.
You closely miss the jackal.
The jackal stops to sniff the ground.
The jackal closely misses you. x2; You block the jackal's attack.
The jackal barely misses you.
The orc priest hits you but does no damage.
You hit the jackal.
You kill the jackal!
You block the jackal's attack. You block the orc priest's attack.
The orc closely misses you. The orc barely misses you.
The jackal barely misses you.
You hit the ooze. The ooze hits you.
The jackal bites you but does no damage.
The orc barely misses you.
The orc priest hits you but does no damage.
You block the orc's attack. x2; The ooze misses you.
You hit the ooze.
The jackal bites you but does no damage.
The orc barely misses you.
The jackal bites you but does no damage.
The orc priest hits you but does no damage.
You block the orc's attack. x2; The ooze hits you but does no damage.
You sock the ooze!
You kill the ooze!
The jackal bites you but does no damage.
The orc closely misses you.
The orc priest calls down the wrath of Beogh upon you.
Beogh smites you! The orc hits you but does no damage. x2
The jackal barely misses you. The orc hits you.
* * * LOW HITPOINT WARNING * * *
The orc completely misses you. The orc misses you.
The orc hits you but does no damage. The jackal barely misses you.
The orc priest begins to cast a cantrip, but forgets the words!
You block the jackal's attack.
Things that are here:
a stone; a +0 club; a hobgoblin corpse You see here a stone.
You block the jackal's attack.
The orc priest looks satisfied for a moment.
The jackal bites you but does no damage.
The orc priest mumbles some strange prayers to Beogh against you.
Beogh smites you!
* * * LOW HITPOINT WARNING * * *
The jackal barely misses you. The jackal bites you.
You die...

#...)# #..).# #.<..#
######....######
...............# ...
##....###....#
....#.........####
........#######
........##@# ...#
..........h### ....#
.>...........# ....#
............o# #.^..#
.............# .$...#
............o###.....#
........#....o#......#
........#.......#
..............#o##


You could see 3 orcs and a jackal.

Vanquished Creatures
  Crazy Yiuf (D:2)
  Jessica (D:3)
  An ooze (D:3)
  A dart slug (D:1)
  2 leopard geckos
  15 giant cockroaches
  6 goblins
  9 hobgoblins
  5 jackals
  4 bats
  3 frilled lizards
  11 kobolds
  2 rats (D:1)
61 creatures vanquished.

Notes
Turn   | Place    | Note
-------+----------+-------------------------------------------
     0 | D:1      | MrTaco21 the Gargoyle Fighter began the quest for the Orb.
     0 | D:1      | Reached XP level 1. HP: 14/14 MP: 1/1
    86 | D:1      | Reached XP level 2. HP: 15/19 MP: 2/2
   213 | D:1      | Reached skill level 3 in Maces & Flails
   424 | D:1      | Reached XP level 3. HP: 23/23 MP: 3/3
   903 | D:2      | Found a shimmering altar of Xom.
   903 | D:2      | Noticed an angel
   907 | D:2      | Found a glowing silver altar of Zin.
  1095 | D:2      | Found a faded altar of an unknown god.
  1341 | D:2      | Reached skill level 4 in Maces & Flails
  1357 | D:2      | Reached XP level 4. HP: 26/28 MP: 4/4
  1621 | D:2      | Found a runed translucent door.
  1622 | D:2      | Noticed Crazy Yiuf
  1853 | D:2      | Killed Crazy Yiuf
  2090 | D:3      | Noticed Jessica
  2097 | D:3      | Killed Jessica
  2097 | D:3      | Reached skill level 5 in Maces & Flails
  2097 | D:3      | Reached XP level 5. HP: 32/32 MP: 5/5
  2191 | D:3      | HP: 1/32 [orc priest/divine providence (14)]
  2196 | D:3      | Slain by a jackal

Illustrated notes

Levels and vault maps discovered:
D:1:      dpeg_arrival_round_b, layout_loops_ring
D:2:      minmay_roachtagon, layout_loops_corners,
          grunt_temple_overflow_order_and_chaos_1,
          chequers_ecumenical_altar_lobes, uniq_crazy_yiuf_cottage
D:3:      layout_rooms, nicolae_overflow_crystal_walls, uniq_terence,
          uniq_jessica

Skill      XL: |  1  2  3  4 |
---------------+-------------+-----
Maces & Flails | 3 4 5 |  5.2
Fighting       | |  3.2
Armour         | |  3.2
Shields        | |  3.2

Action                   |  1- 3 |  4- 6 || total
-------------------------+-------+-------++-------
Melee: Flail             |   106 |    66 ||   172
Armor: Scale mail        |    71 |    48 ||   119
Dodge: Dodged            |    29 |    37 ||    66
Block: Kite shield       |    54 |    51 ||   105

Table legend: (Time is in decaauts)
 A = Elapsed time spent in this place.
 B = Non-inter-level travel time spent in this place.
 C = Inter-level travel time spent in this place.
 D = Time resting spent in this place.
 E = Time spent auto-exploring this place.
 F = Levels seen in this place.
 G = Mean time per level.
                   A        B        C        D        E       F      G
               +--------+--------+--------+--------+--------+-----+--------+
         Total |   2245 |   2172 |     73 |    181 |   1568 |   3 |  748.3 |
       Dungeon |   2245 |   2172 |     73 |    181 |   1568 |   3 |  748.3 |
               +--------+--------+--------+--------+--------+-----+--------+

Top non-repeatable levels by time:
     D:2: 1211 daAuts
     D:1: 916 daAuts
     D:3: 117 daAuts
